Map: Dasan Station LE

Players

Fropez - Winner!

  • Race: Protoss Protoss
  • League: Gold
  • Spawn Location: 6:00

Lostname

  • Race: Zerg Zerg
  • League: Silver
  • Spawn Location: 12:00

VOD

Have the link to the VOD?

Description

Time

  • Played on: Sept. 14, 2016, 2:01 p.m.
  • Length: 21:36
Show
View Real Time Build Order
Export as new Build Order

Fropez Protoss - Winner!

Build Orders:  

Get SALT Encoding   

  12  0:02  Probe (Chrono Boost)  
  13  0:17  Pylon, Probe (Chrono Boost)  
  14  0:28  Probe (Chrono Boost)  
  15  0:36  Gateway  
  15  0:39  Probe (Chrono Boost)  
  16  0:50  Gateway  
  16  0:55  Probe (Chrono Boost)  
  17  0:59  Assimilator  
  17  1:05  Probe (Chrono Boost)  
  18  1:16  Pylon, Probe (Chrono Boost)  
  19  1:26  Probe (Chrono Boost)  
  20  1:34  Cybernetics Core  
  20  1:37  Probe (Chrono Boost)  
  21  1:41  Pylon  
  21  1:47  Assimilator  
  21  1:48  Probe (Chrono Boost)  
  22  1:55  Pylon  
  22  1:58  Probe (Chrono Boost)  
  23  2:11  Warp Gate (Chrono Boost)  
  23  2:12  Adept x2  
  27  2:19  Probe  
  28  2:39  Adept x2  
  30  3:32  Nexus  
  30  3:33  Probe  
  27  3:45  Probe  
  27  3:46  Twilight Council  
  28  3:49  Gateway  
  28  3:52  Gateway x2  
  28  3:59  Assimilator  
  29  4:06  Mothership Core  
  30  4:31  Probe  
  30  4:34  Resonating Glaives (Chrono Boost)  
  31  4:43  Pylon  
  31  4:46  Probe  
  31  4:50  Probe  
  33  4:55  Pylon  
  33  4:57  Pylon  
  33  5:05  Adept x5  
  43  5:22  Forge  
  43  5:23  Probe, Gateway  
  44  5:29  Adept  
  44  5:32  Adept  
  48  5:46  Adept x2  
  52  5:58  Pylon  
  52  6:01  Probe  
  52  6:02  Gateway  
  52  6:03  Protoss Ground Weapons Level 1 (Chrono Boost)  
  53  6:08  Probe  
  54  6:13  Adept  
  53  6:46  Pylon  
  53  6:53  Pylon  
  53  6:56  Adept x6  
  53  6:58  Pylon  
  65  7:02  Assimilator  
  53  7:43  Adept x5  
  53  7:44  Adept  
  63  7:57  Protoss Ground Weapons Level 2 (Chrono Boost)  
  59  8:04  Robotics Facility  
  57  8:07  Probe x2  
  57  8:09  Dark Shrine  
  59  8:19  Probe x2  
  55  8:29  Adept x2  
  55  8:30  Adept x5  
  55  8:31  Probe  
  70  8:57  Pylon  
  70  8:58  Pylon  
  66  9:24  Probe x2  
  68  9:25  Pylon, Gateway  
  68  9:26  Dark Templar x3  
  68  9:27  Warp Prism, Dark Templar  
  63  9:56  Probe x2  
  61  10:01  Adept x4  
  61  10:02  Adept  
  59  10:08  Mothership Core  
  59  10:11  Probe  
  62  10:14  Dark Templar  
  64  10:23  Probe  
  64  10:27  Adept x5  
  55  10:47  Dark Templar x5  
  65  11:08  Blink  
  57  11:22  Stalker x4  
  57  11:23  Stalker x2  
  59  11:36  Nexus  
  59  11:39  Pylon x2  
  59  11:48  Stalker x4  
  67  12:08  Adept  
  61  12:09  Adept  
  57  12:20  Immortal  
  61  12:26  Probe x2  
  63  12:33  Photon Cannon  
  63  12:35  Photon Cannon  
  63  12:37  Gateway  
  63  12:38  Pylon  
  63  12:47  Gateway  
  63  12:55  Assimilator  
  63  13:01  Dark Templar x2  
  63  13:02  Dark Templar  
  63  13:52  Dark Templar x2  
  63  13:53  Dark Templar x2  
  69  14:11  Protoss Ground Armor Level 1 (Chrono Boost)  
  69  14:12  Pylon, Immortal (Chrono Boost)  
  69  14:15  Assimilator  
  73  14:25  Stalker x3  
  79  14:50  Robotics Facility  
  79  14:51  Observer (Chrono Boost), Probe x2  
  82  15:07  Stalker  
  82  15:11  Nexus  
  84  15:17  Immortal (Chrono Boost)  
  84  15:18  Nexus  
  84  15:20  Pylon  
  88  15:24  Pylon  
  86  15:32  Stalker x3  
  73  16:27  Stalker  
  73  16:28  Stalker x2  
  73  16:30  Stalker x4  
  87  16:52  Stalker x2  
  87  16:53  Stalker  
  87  17:09  Probe x2  
  89  17:17  Immortal x2 (Chrono Boost)  
  97  17:23  Adept x4  
  97  17:24  Adept  
  98  17:55  Dark Templar x2  
  98  17:56  Zealot  
  98  17:57  Zealot x4  
  83  18:25  Zealot  
  83  18:26  Zealot x4  
  89  18:36  Charge (Chrono Boost)  
  89  18:37  Assimilator  
  89  18:38  Immortal (Chrono Boost)  
  89  18:40  Assimilator  
  89  18:42  Immortal  
  89  18:48  Protoss Ground Weapons Level 3  
  97  19:17  Nexus  
  95  19:31  Photon Cannon  
  95  19:36  Pylon  
  95  19:40  Pylon  
  95  19:42  Photon Cannon  
  95  19:51  Observer x2 (Chrono Boost), Photon Cannon  
  97  20:08  Photon Cannon  
  97  20:10  Photon Cannon  
  97  20:12  Assimilator  
  97  20:15  Zealot  
  97  20:16  Assimilator, Zealot x5  
  107  20:53  Stalker x5  
  107  20:54  Stalker x2  
Show
View Real Time Build Order
Export as new Build Order

Lostname Zerg 

Build Orders: Hatch First 

Get SALT Encoding   

  12  0:01  Drone  
  13  0:09  Drone  
  14  0:17  Overlord  
  14  0:24  Extractor  
  14  0:25  Drone  
  15  0:36  Drone  
  15  0:40  Drone  
  17  0:52  Drone  
  17  0:56  Hatchery  
  17  0:59  Drone  
  18  1:06  Drone  
  19  1:16  Spawning Pool  
  18  1:19  Drone  
  19  1:34  Drone  
  20  1:40  Extractor  
  20  1:48  Overlord  
  20  1:51  Hatchery  
  19  2:03  Queen  
  19  2:04  Zergling x2  
  19  2:08  Drone  
  23  2:21  Queen  
  25  2:26  Drone  
  25  2:27  Drone  
  27  2:31  Drone x2  
  29  2:39  Queen  
  29  2:44  Drone x2  
  33  2:53  Spine Crawler  
  33  2:54  Spine Crawler  
  33  2:56  Zergling x6  
  33  3:10  Drone  
  33  3:11  Drone  
  35  3:13  Queen  
  35  3:15  Zergling x4  
  37  3:37  Drone x3  
  37  3:41  Drone x2  
  42  3:51  Extractor, Drone  
  42  3:52  Overlord  
  42  3:53  Extractor  
  42  3:54  Overlord  
  41  3:59  Drone  
  41  4:01  Extractor, Overlord  
  41  4:04  Drone  
  41  4:07  Overlord  
  40  4:28  Drone  
  40  4:29  Drone x2  
  43  4:37  Queen  
  45  4:44  Drone x4  
  45  4:45  Drone  
  50  4:47  Drone x6  
  50  4:50  Roach Warren  
  55  4:54  Drone x2  
  55  4:58  Queen  
  59  5:20  Drone x4  
  59  5:21  Drone  
  64  5:23  Extractor  
  64  5:25  Drone x4  
  64  5:26  Drone  
  68  5:30  Extractor  
  68  5:32  Extractor  
  68  5:35  Lair  
  66  5:48  Zergling x4  
  68  5:52  Roach x3  
  74  6:14  Overlord x5  
  74  6:15  Overlord x2  
  74  6:33  Overlord x3  
  74  6:34  Overlord  
  74  6:37  Drone x4  
  78  6:42  Glial Reconstitution  
  78  6:46  Hydralisk Den  
  63  7:30  Drone x5  
  63  7:36  Spore Crawler  
  63  7:37  Hydralisk x6  
  63  7:39  Muscular Augments  
  63  7:43  Drone  
  63  7:44  Drone x2  
  75  7:46  Hydralisk x3  
  81  7:58  Roach x3  
  83  8:08  Roach  
  85  8:30  Hydralisk  
  85  8:31  Hydralisk x2  
  91  8:34  Hydralisk x3  
  91  8:41  Evolution Chamber  
  96  8:42  Evolution Chamber  
  93  9:15  Hydralisk x3  
  97  9:17  Hydralisk x5  
  97  9:19  Hydralisk x2  
  97  9:20  Hydralisk x3  
  117  9:26  Zerg Missile Weapons Level 1  
  117  9:27  Zerg Ground Armor Level 1  
  87  10:00  Roach x3  
  65  10:40  Roach x3  
  65  10:43  Roach x3  
  65  10:46  Roach x2  
  65  10:47  Roach  
  73  10:53  Hatchery  
  65  10:59  Spore Crawler  
  65  11:02  Spore Crawler  
  57  11:05  Hydralisk  
  57  11:06  Hydralisk  
  56  11:31  Hatchery, Roach x3  
  61  11:39  Hatchery  
  55  12:20  Drone x3  
  55  12:21  Drone  
  55  12:22  Queen, Drone  
  60  12:24  Lair  
  44  13:25  Roach  
  44  13:26  Roach x2  
  40  13:32  Extractor x2  
  38  13:35  Queen  
  38  13:36  Queen  
  38  13:37  Drone x2  
  38  13:38  Drone  
  45  13:44  Roach x3  
  45  13:46  Overseer  
  51  13:57  Hydralisk Den  
  50  14:09  Roach x2  
  54  14:12  Drone x3  
  54  14:15  Roach x3  
  63  14:37  Spore Crawler  
  62  14:38  Spine Crawler  
  62  14:40  Spine Crawler  
  60  14:49  Spore Crawler  
  60  14:50  Spine Crawler, Drone x2  
  60  14:51  Drone  
  61  14:53  Drone x2  
  61  14:57  Roach x5  
  73  15:00  Hydralisk x2  
  73  15:01  Hydralisk  
  73  15:02  Lurker Den  
  79  15:11  Ravager  
  79  15:12  Ravager x3  
  83  15:15  Roach  
  83  15:18  Spore Crawler  
  84  15:21  Spore Crawler  
  84  15:23  Spine Crawler  
  76  16:01  Hydralisk x2  
  76  16:02  Hydralisk  
  57  16:26  Roach x2  
  57  16:30  Queen  
  63  16:39  Hydralisk  
  63  16:41  Lurker  
  63  16:43  Lurker  
  62  17:08  Drone x3  
  65  17:09  Overseer  
  65  17:14  Infestation Pit  
  64  17:19  Lurker x2  
  64  17:21  Hydralisk x3  
  72  17:55  Overlord x3  
  72  17:56  Overlord x2  
  58  18:15  Hatchery  
  47  18:33  Overseer  
  47  18:34  Overseer x2  
  47  18:38  Extractor  
  47  18:39  Extractor  
  47  18:40  Drone x3  
  48  18:45  Drone x3  
  51  18:54  Hydralisk  
  53  19:00  Lurker x3  
  56  19:15  Hydralisk x2  
  56  19:16  Hydralisk x3  
  61  19:27  Lurker  
  61  19:28  Drone  
  61  19:30  Drone  
  64  19:32  Queen  
  64  19:35  Drone x3  
  69  19:48  Drone  
  69  19:49  Drone  
  71  19:57  Spore Crawler  
  70  20:17  Drone  
  70  20:18  Drone x2  
  73  20:22  Drone x5  
  73  20:23  Spire  
  73  20:24  Drone x3  
  78  21:05  Spore Crawler  
  78  21:08  Hydralisk x4  
  85  21:16  Zergling x10  
Tags
 
Matchup
PvZ
Replay Pack
All Mines
Spawn Locations
Cross Positions
Add a new tag
Caveats
  • Supply blocks, unpowered buildings, or Contaminate may cause inaccurate times.
  • Supply counts are checked every 10 seconds.